 Dungeon Crawl Stone Soup version 0.29.1-15-g9cfb28693d (webtiles) character file.

Game seed: 14599066385967280058

221 javelincjr the Magician (level 6, -6/46 HPs)
             Began as a Djinni Conjurer on Mar 13, 2023.
             Was an Initiate of Qazlal.
             Mangled by an iguana (7 damage)
             ... on level 4 of the Dungeon.
             The game lasted 00:08:19 (3802 turns).

javelincjr the Magician (Djinni Conjurer)           Turns: 3802, Time: 00:08:19

Health: -6/46      AC:  3    Str: 14    XL:     6   Next: 18%
Gold:   154        EV: 12    Int: 19    God:    Qazlal [......] SH:  0 Dex: 12

rFire   + . .      SeeInvis .   (no weapon)
rCold   . . .      Faith    .   (no shield)
rNeg    . . .      Spirit   .   a - +0 robe
rPois   ∞          Reflect  .   (no helmet)
rElec   .          Harm     .   e - +0 cloak
rCorr   .          Rampage  .   (no gloves)
Will    .....                   (boots unavailable)
Stlth   ++........              (no amulet)
HPRegen 0.15/turn               k - +6 ring of strength
MPRegen 0.00/turn               n - ring of ice

@: flying
A: sickness immunity, fire resistance 2, cold vulnerability 1, float, innate
caster, HP casting, extra vitality 1
a: Renounce Religion


You were on level 4 of the Dungeon.
You worshipped Qazlal.
Qazlal was noncommittal.
You visited 2 branches of the dungeon, and saw 5 of its levels.

You collected 154 gold pieces.

Inventory:

Armour
 a - a +0 robe (worn)
 e - a +0 cloak (worn)
Jewellery
 k - a +6 ring of strength (left hand)
 n - a ring of ice (right hand)
 v - a ring of fire
Wands
 f - a wand of polymorph (7)
 r - a wand of roots (4)
 s - a wand of mindburst (3)
Scrolls
 d - a scroll of poison
 i - a scroll of enchant armour
 j - a scroll of torment {unknown}
 m - a scroll of vulnerability {unknown}
 p - a scroll of butterflies {unknown}
 q - a scroll of immolation {unknown}
 u - a scroll of teleportation {unknown}
Potions
 b - a potion of lignification {unknown}
 c - a potion of attraction {unknown}
 g - a potion of curing {unknown}
 h - a potion of might {unknown}
 l - a potion of degeneration {unknown}
 o - a potion of heal wounds {unknown}
 t - a potion of invisibility {unknown}
 w - a potion of flight {unknown}


   Skills:
 * Level 3.1 Fighting
 + Level 3.2 Dodging
 * Level 3.2 Stealth
 + Level 3.7 Spellcasting


You couldn't memorise any spells.
You knew the following spells:

 Your Spells              Type           Power      Damage    Failure   Level
a - Magic Dart            Conj           68%        1d6       3%          1
b - Searing Ray           Conj           34%        2d5       4%          2
c - Dazzling Flash        Conj/Hex       34%        N/A       10%         3
d - Fulminant Prism       Conj/Hex       8%         3d7       30%         4
e - Iskenderun's Mystic   Conj/Tloc      17%        2d5       30%         4
f - Shock                 Conj/Air       68%        1d7       3%          1
g - Poisonous Vapours     Pois/Air       34%        N/A       4%          2
Your spell library was empty.

Dungeon Overview and Level Annotations

Branches:
Dungeon (4/15)             Temple (1/1) D:4

Altars:
Ashenzari
Cheibriados
Dithmenos
Elyvilon
Fedhas
Gozag
Hepliaklqana
Qazlal
Ru
Trog
Uskayaw
Xom
Zin
The Shining One


Innate Abilities, Weirdness & Mutations

You are immune to sickness and miasma.
You are immune to poison.
Your flesh is very heat resistant. (rF++)
You are vulnerable to cold. (rC-)
You float through the air rather than walking.
You learn spells naturally, not from books.
Your magical power is your life essence.
You have superior vitality. (+4 MHP)


Message History

There is an open door here.
You reach down and open the door.
There is an open door here.
You reach down and open the door.
There is an open door here.
You reach down and open the door.
There is an open door here.
An iguana comes into view.
The zap hits the iguana but does no damage.
The iguana hisses angrily.
The zap hits the iguana.
The iguana is lightly wounded.
The zap hits the iguana but does no damage.
The iguana is lightly wounded.
The iguana hisses menacingly.
The zap misses the iguana.
The iguana bites you!
The zap misses the iguana.
The iguana bites you!
The zap hits the iguana.
The iguana is moderately wounded.
The iguana closely misses you.
The zap hits the iguana!
The iguana is almost dead.
The iguana bites you!
* * * LOW HITPOINT WARNING * * *
You are too injured to fight recklessly!
You are too injured to fight recklessly!
Casting: Shock (safe; 3% risk of failure)
Confirm with . or Enter, or press ? or * to list all spells.
Aiming: Magic Dart (safe; 3% risk of failure)
Press: ? - help, Shift-Dir - straight line, f/p - iguana
Aim: an iguana (almost dead, 100% to hit)
The magic dart hits the iguana.
The iguana is almost dead.
* * * LOW HITPOINT WARNING * * *
The iguana bites you!
* * * LOW HITPOINT WARNING * * *
Okay, then.
Okay, then.
The iguana attacks as you move away! The iguana bites you!
You die...

.......#.........#
.......#.........#
......#.........#
#....#......^..#
##....#.........#
+.....#.........####+###
#.....####'#..........#.
#.....l....#..........#.
##.....@...#..........#.
#....##...#..........#.
##### #...#..........#.
....#..........#.
#....#..........#.
##...#..........#.
##+###'###.....#.
#....#.....#.
#....'.....'.


You could see an iguana.

Vanquished Creatures
  A black bear (D:4)
  6 adders
  3 worms
  2 dart slugs (D:2)
  3 orcs (D:4)
  8 endoplasms
  5 giant cockroaches
  3 goblins
  4 hobgoblins
  2 jackals (D:3)
  6 kobolds
  A quokka (D:3)
  A ball python (D:2)
  6 bats
  A frilled lizard (D:1)
  4 rats
56 creatures vanquished.

Vanquished Creatures (others)
  4 fungi (D:2)
4 creatures vanquished.

Grand Total: 60 creatures vanquished

Notes
Turn   | Place    | Note
-------+----------+-------------------------------------------
     0 | D:1      | javelincjr the Djinni Conjurer began the quest for the Orb.
     0 | D:1      | javelincjr set off with the following spells memorised:
                  | Magic Dart, Searing Ray, Dazzling Flash, Fulminant Prism,
                  | Iskenderun's Mystic Blast.
     0 | D:1      | Reached XP level 1. HP: 15/15 MP: 0/0
   253 | D:1      | Reached XP level 2. HP: 21/22 MP: 0/0
   528 | D:2      | Found a faded altar of an unknown god.
   535 | D:2      | Reached skill level 1 in Fighting
   615 | D:2      | Reached XP level 3. HP: 22/27 MP: 0/0
   615 | D:2      | Learned a level 1 spell: Shock
  1051 | D:2      | Reached XP level 4. HP: 30/33 MP: 0/0
  1258 | D:2      | Found a shadowy altar of Dithmenos.
  2546 | D:3      | Reached XP level 5. HP: 32/39 MP: 0/0
  2546 | D:3      | Learned a level 2 spell: Poisonous Vapours
  3162 | D:4      | Found a staircase to the Ecumenical Temple.
  3170 | D:4      | Noticed a black bear
  3179 | D:4      | Killed a black bear
  3180 | D:4      | Reached XP level 6. HP: 13/46 MP: 0/0
  3398 | D:4      | Found a blossoming altar of Fedhas.
  3408 | Temple   | Entered the Ecumenical Temple
  3528 | Temple   | Became a worshipper of Qazlal Stormbringer
  3800 | D:4      | HP: 1/46 [iguana (11)]
  3802 | D:4      | Mangled by an iguana

Illustrated notes

Levels and vault maps discovered:
D:1:      tarquinn_simple_flora_water_f, layout_rooms, minmay_misc_feat_tiny,
          chequers_serial_rivers_micro_d
D:2:      layout_loops_corners, basic_altar, serial_aquarium,
          aquarium_bridge_square [aquarium_subvault_bridge,
          aquarium_subvault_wall, aquarium_subvault_wall,
          aquarium_subvault_balcony], aquarium_bridge_square
          [aquarium_subvault_balcony, aquarium_subvault_bridge,
          aquarium_subvault_window, aquarium_subvault_window],
          aquarium_window_1, aquarium_window_2, aquarium_view_2b,
          aquarium_balcony_3a, aquarium_pool_side, nicolae_ecumenical_pavilion,
          dreamdust_mushroom_princess
D:3:      layout_loops_ring
D:4:      layout_gridville, fedhas_altar_1, temple_statues, minmay_box_of_dots
Temple:   nicolae_temple_two_arcs

Skill      XL: |  1  2  3  4  5 |
---------------+----------------+-----
Fighting       | 1 2 3 |  3.1
Stealth        | 2 3 |  3.2
Dodging        | 3 |  3.2
Spellcasting   | |  3.7

Action                   |  1- 3 |  4- 6 || total
-------------------------+-------+-------++-------
 Cast: Magic Dart        |    38 |    53 ||    91
       Searing Ray       |     2 |     6 ||     8
       Shock             |       |    41 ||    41
  Use: Scroll            |       |     3 ||     3
Armor: Robe              |       |     6 ||     6
Dodge: Dodged            |       |    12 ||    12
